Map: Orbital Shipyard

Players

Defacto

  • Race: Terran Terran
  • League: Platinum

LilDicky - Winner!

  • Race: Terran Terran
  • League: Platinum

VOD

http://www.twitch.tv/tumescentpie

Description

Time

  • Played on: Nov. 21, 2015, 6:35 p.m.
  • Length: 15:45
Show
View Real Time Build Order
Export as new Build Order

Defacto Terran 

Build Orders: Reaper Expand 

Get SALT Encoding   

  12  0:00  SCV  
  13  0:13  SCV  
  14  0:19  Supply Depot  
  14  0:25  SCV  
  15  0:35  Refinery  
  15  0:41  SCV  
  16  0:46  Barracks  
  16  0:53  SCV  
  17  1:05  SCV  
  18  1:17  SCV  
  19  1:33  Command Center  
  19  1:36  Reaper  
  20  1:48  Orbital Command  
  20  2:00  Supply Depot  
  20  2:08  Barracks Reactor  
  20  2:17  SCV, Factory  
  21  2:29  SCV  
  22  2:41  SCV  
  23  2:45  Marine x2  
  23  2:46  Barracks  
  25  2:53  SCV  
  25  2:55  SCV  
  27  3:00  Factory Tech Lab  
  27  3:03  Barracks  
  27  3:05  Marine  
  28  3:06  Marine  
  28  3:12  SCV x2  
  31  3:24  Siege Tank  
  34  3:29  SCV  
  34  3:30  SCV  
  34  3:34  Barracks Tech Lab, Marine x2  
  38  3:43  Refinery  
  38  3:47  Supply Depot  
  38  4:00  Marine x2  
  39  4:02  Barracks Tech Lab  
  39  4:04  Stimpack  
  39  4:11  Marine  
  39  4:15  SCV x2  
  42  4:18  Marine  
  42  4:19  Refinery  
  42  4:20  Marine x2  
  42  4:21  Refinery  
  45  4:31  Siege Tank  
  45  4:37  Supply Depot  
  45  4:38  SCV x2  
  50  4:39  Supply Depot  
  50  4:52  Engineering Bay  
  46  5:05  SCV x2  
  42  5:17  SCV, Marine x3  
  42  5:18  Marine  
  42  5:19  Siege Tank  
  47  5:26  Starport  
  45  5:35  Marine x2  
  41  5:51  SCV  
  41  5:53  Orbital Command  
  39  5:58  Missile Turret  
  39  6:03  SCV, Marine x3  
  39  6:12  Marine  
  39  6:15  SCV  
  41  6:20  Marine  
  41  6:21  Marine  
  43  6:27  SCV  
  43  6:28  Viking  
  46  6:35  SCV  
  46  6:39  SCV  
  47  6:47  SCV  
  47  6:51  SCV  
  46  7:00  Marine x4  
  47  7:01  Viking, Siege Tank  
  48  7:18  Marine x3  
  51  7:27  Marine  
  52  7:30  SCV x2  
  52  7:31  Viking  
  52  7:33  Siege Tank  
  52  7:35  Missile Turret  
  52  7:36  Marine x2  
  61  7:42  SCV x2  
  63  7:54  SCV  
  64  8:01  Viking  
  63  8:05  Siege Tank  
  63  8:07  Marine x4  
  70  8:13  Supply Depot  
  70  8:16  Supply Depot  
  70  8:17  SCV x2  
  68  8:24  Marine  
  66  8:29  SCV x2  
  66  8:31  Viking  
  66  8:37  Siege Tank  
  68  8:42  SCV x2  
  68  8:43  Marine  
  68  8:44  Marine x2  
  73  8:50  Marine  
  73  8:54  SCV  
  72  9:01  Viking, Marine x2  
  72  9:02  Marine  
  77  9:04  Missile Turret  
  77  9:08  Marine  
  81  9:10  Siege Tank  
  81  9:19  Marine  
  70  9:31  Viking  
  64  9:42  Siege Tank, Marine x2  
  64  9:43  Marine x2  
  69  9:53  Starport  
  69  10:01  Viking  
  69  10:03  Marine x4  
  75  10:14  Siege Tank  
  78  10:20  Command Center  
  74  10:31  Viking, Marine x3  
  77  10:46  Siege Tank  
  70  11:01  Viking  
  70  11:03  Marine x4  
  60  11:05  SCV x2  
  60  11:10  Starport Tech Lab  
  61  11:14  Starport  
  61  11:18  Siege Tank  
  63  11:21  Factory  
  63  11:31  Viking  
  61  12:01  Viking  
  61  12:03  Command Center  
  60  12:25  Viking x2, Marine  
  60  12:26  Marine x2  
  60  12:27  Siege Tank  
  60  12:28  Command Center  
  70  12:31  Viking  
  72  12:50  Marine  
  72  12:51  Marine x3  
  74  12:55  Viking, Raven  
  76  12:59  Siege Tank  
  76  13:01  Viking  
  73  13:07  Factory Tech Lab  
  75  13:30  Medivac  
  75  13:31  Siege Tank, Medivac  
  80  13:50  Command Center  
  80  14:13  Medivac  
  80  14:16  Siege Tank  
  84  14:19  Marine x2  
  84  14:20  Marine x2  
  84  14:21  Siege Tank  
  84  14:22  Viking x2  
  85  14:37  Marine x2  
  86  14:46  Viking  
  86  14:48  Siege Tank  
  86  14:52  Viking x2  
Show
View Real Time Build Order
Export as new Build Order

LilDicky Terran - Winner!

Build Orders: Mech, Banshee Rush 

Get SALT Encoding   

  12  0:02  SCV  
  13  0:14  SCV  
  14  0:18  Supply Depot  
  14  0:26  SCV  
  15  0:38  Refinery  
  15  0:39  SCV  
  16  0:45  Barracks  
  16  0:54  SCV  
  17  1:06  SCV  
  18  1:18  SCV  
  19  1:30  SCV  
  19  1:31  Marine  
  21  1:43  Factory, Orbital Command  
  21  1:49  Marine  
  22  2:05  Refinery  
  22  2:07  Marine  
  23  2:15  SCV  
  24  2:16  Supply Depot  
  24  2:25  Marine  
  24  2:26  Factory Tech Lab  
  25  2:31  Starport  
  25  2:40  Command Center  
  25  2:46  SCV  
  25  2:47  Marine  
  27  2:58  SCV  
  27  3:04  Widow Mine  
  30  3:11  SCV  
  31  3:13  Cloaking Field  
  31  3:20  Banshee  
  34  3:29  Supply Depot  
  34  3:30  SCV  
  35  3:34  Factory Tech Lab  
  35  3:40  Marine  
  36  3:42  SCV  
  37  3:55  Supply Depot, SCV  
  38  4:04  Orbital Command  
  41  4:10  Raven  
  41  4:14  SCV  
  41  4:20  Supply Depot  
  41  4:24  Siege Tank  
  41  4:25  Marine  
  41  4:26  SCV  
  41  4:30  Refinery  
  46  4:38  SCV  
  47  4:43  Marine  
  48  4:50  SCV  
  49  5:00  Siege Tank  
  49  5:01  Marine  
  49  5:02  Viking  
  49  5:05  Engineering Bay  
  55  5:08  Supply Depot, SCV  
  55  5:12  SCV  
  57  5:20  SCV  
  58  5:42  SCV, Missile Turret  
  59  5:45  Siege Tank  
  59  5:47  Command Center  
  48  6:12  Banshee  
  51  6:20  Siege Tank  
  51  6:24  Command Center  
  54  6:27  Factory  
  54  6:29  Refinery  
  54  6:32  SCV  
  55  6:33  SCV  
  55  6:39  Refinery  
  56  6:46  Refinery  
  55  6:53  Siege Tank  
  58  6:56  Banshee  
  61  7:14  Factory Tech Lab  
  61  7:18  Factory, Orbital Command  
  61  7:21  Factory  
  61  7:32  Starport  
  61  7:34  Supply Depot  
  61  7:36  Missile Turret  
  61  7:37  Missile Turret  
  61  7:38  Supply Depot, Siege Tank  
  61  7:41  Orbital Command  
  59  8:01  Missile Turret x2  
  61  8:13  Widow Mine x2  
  61  8:14  Orbital Command  
  61  8:15  Viking  
  61  8:18  Factory Reactor  
  61  8:19  Factory Reactor  
  63  8:30  Starport Reactor  
  63  8:32  Supply Depot  
  63  8:37  SCV x2  
  62  8:46  Siege Tank  
  62  9:04  SCV x2  
  62  9:09  Viking x2  
  68  9:15  Hellion x2  
  72  9:21  Fusion Core  
  64  9:24  Missile Turret  
  64  9:30  Missile Turret  
  64  9:34  Hellion x2, Siege Tank  
  64  9:35  Banshee, Siege Tank  
  75  9:49  Viking x2  
  79  10:04  Missile Turret  
  79  10:06  Missile Turret  
  74  10:09  Hellion x3  
  78  10:14  Missile Turret  
  78  10:18  Banshee  
  75  10:21  Siege Tank  
  75  10:22  Siege Tank  
  75  10:26  SCV  
  75  10:27  SCV  
  83  10:36  SCV x2  
  82  10:44  Widow Mine  
  82  10:45  Hellion x2  
  82  10:46  Hellion  
  78  11:02  Hellion x2  
  78  11:03  Viking  
  82  11:10  Missile Turret  
  82  11:23  Siege Tank x2  
  88  11:27  Command Center  
  88  11:29  SCV x2  
  87  11:41  Viking x2  
  88  11:50  Barracks  
  87  11:55  Siege Tank  
  90  12:05  Hellion x2, Siege Tank  
  95  12:16  Viking x3  
  95  12:21  Starport  
  101  12:23  SCV  
  101  12:27  Siege Tank  
  101  12:29  Hyperflight Rotors  
  105  12:33  SCV  
  105  12:34  SCV  
  105  12:45  Viking  
  105  13:09  Viking x2  
  109  13:15  Viking  
  109  13:16  Orbital Command  
  109  13:19  SCV  
  113  13:20  SCV  
  113  13:25  SCV x2  
  115  13:28  Starport Reactor  
  115  13:32  SCV  
  115  13:33  SCV  
  117  13:37  SCV  
  117  13:39  Viking x2  
  122  13:44  SCV  
  122  13:45  SCV  
  122  13:46  SCV  
  125  13:49  SCV  
  126  13:56  SCV  
  126  13:58  Armory  
  126  14:00  Armory  
  127  14:09  SCV x4  
  131  14:13  Hellion x2, Siege Tank  
  131  14:15  Viking  
  140  14:18  Viking, Liberator x2  
  140  14:19  Liberator  
  140  14:21  SCV x4  
  146  15:00  Hellion x2  
  146  15:01  Hellion  
  150  15:08  Command Center  
  150  15:13  SCV  
  150  15:14  SCV  
  147  15:16  Hellion x2  
  152  15:33  Missile Turret  
Tags
 
Add a new tag
Caveats
  • Supply blocks, unpowered buildings, or Contaminate may cause inaccurate times.
  • Supply counts are checked every 10 seconds.